Map: [ESL] NeoHumanity

Players

ShoWTimE - Winner!

  • Race: Protoss Protoss

Reynor

  • Race: Zerg Zerg

Event: IEM Katowice 2023

VOD

Have the link to the VOD?

Description

Time

  • Played on: Feb. 10, 2023, 5:11 a.m.
  • Length: 9:27

All games in this series

Show
View Real Time Build Order
Export as new Build Order

ShoWTimE Protoss - Winner!

Build Orders: 1 Gate Expand, Oracle Opening 

Get SALT Encoding   

  12  0:00  Probe  
  13  0:12  Probe  
  14  0:17  Pylon  
  14  0:24  Probe (Chrono Boost)  
  15  0:36  Probe (Chrono Boost)  
  15  0:37  Gateway  
  16  0:44  Probe (Chrono Boost)  
  16  0:46  Assimilator  
  17  0:51  Probe  
  18  1:03  Probe  
  19  1:15  Probe  
  20  1:23  Nexus  
  20  1:32  Cybernetics Core  
  20  1:34  Probe  
  21  1:40  Assimilator  
  21  1:46  Probe  
  22  1:49  Pylon  
  22  1:58  Probe  
  23  2:05  Adept (Chrono Boost)  
  23  2:10  Probe  
  26  2:20  Stargate  
  26  2:22  Probe  
  27  2:26  Adept (Chrono Boost)  
  29  2:32  Warp Gate  
  29  2:35  Probe (Chrono Boost)  
  31  2:40  Probe (Chrono Boost)  
  32  2:44  Probe (Chrono Boost)  
  32  2:48  Probe (Chrono Boost)  
  32  2:49  Probe (Chrono Boost), Adept  
  36  2:54  Pylon  
  36  2:59  Probe  
  36  3:01  Probe  
  36  3:02  Oracle (Chrono Boost)  
  41  3:11  Probe  
  42  3:13  Probe  
  42  3:19  Adept  
  45  3:23  Probe  
  45  3:25  Probe  
  47  3:33  Pylon  
  47  3:34  Oracle (Chrono Boost)  
  47  3:35  Probe  
  47  3:37  Probe  
  52  3:47  Probe  
  53  3:49  Probe  
  54  3:59  Probe  
  54  4:01  Probe  
  54  4:05  Oracle (Chrono Boost)  
  54  4:06  Nexus  
  53  4:11  Probe  
  53  4:12  Assimilator  
  53  4:13  Probe  
  53  4:17  Pylon, Assimilator  
  55  4:19  Adept  
  55  4:23  Probe  
  58  4:24  Gateway  
  58  4:26  Probe  
  58  4:30  Gateway  
  59  4:35  Probe  
  59  4:38  Probe, Oracle  
  64  4:44  Stalker  
  66  4:47  Probe  
  66  4:50  Probe  
  68  4:57  Forge, Robotics Facility  
  69  5:00  Probe  
  69  5:02  Probe  
  70  5:14  Pylon  
  70  5:16  Shield Battery  
  70  5:17  Probe x2  
  70  5:18  Probe  
  70  5:19  Sentry  
  75  5:21  Sentry  
  75  5:27  Protoss Ground Weapons Level 1 (Chrono Boost)  
  77  5:29  Probe x2  
  77  5:30  Probe  
  80  5:41  Gateway, Probe x2  
  80  5:42  Immortal (Chrono Boost), Probe  
  83  5:44  Gateway  
  87  5:50  Robotics Bay  
  87  5:53  Probe x2  
  87  5:54  Probe  
  89  5:57  Assimilator  
  89  5:58  Adept x2  
  89  6:01  Assimilator  
  91  6:06  Probe x2  
  91  6:08  Twilight Council  
  91  6:09  Photon Cannon  
  93  6:14  Pylon  
  93  6:32  Probe x3  
  96  6:35  Stalker x3  
  96  6:39  Pylon  
  100  6:41  Blink (Chrono Boost)  
  100  6:43  Disruptor (Chrono Boost)  
  100  6:44  Probe x3  
  101  6:49  Gateway  
  101  6:51  Gateway  
  97  6:56  Probe, Stalker  
  100  7:02  Pylon  
  100  7:04  Stalker x4  
  100  7:08  Pylon  
  108  7:20  Disruptor  
  108  7:25  Dark Shrine  
  108  7:26  Zealot  
  108  7:29  Zealot x4  
  118  7:30  Nexus  
  118  7:32  Pylon  
  118  7:37  Probe x2  
  118  7:38  Probe  
  118  7:41  Forge  
  121  7:45  Pylon  
  121  7:52  Stalker x6  
  133  8:03  Pylon, Probe x3, Disruptor (Chrono Boost)  
  137  8:15  Stalker x2  
  141  8:20  Pylon  
  141  8:21  Probe x2  
  141  8:36  Stalker x4  
  141  8:40  Stalker x3  
  145  8:53  Probe x3  
  132  9:01  Stalker x4  
  130  9:04  Stalker x3  
  136  9:15  Gateway  
  133  9:17  Gateway  
  131  9:27  Stalker x6  
Show
View Real Time Build Order
Export as new Build Order

Reynor Zerg 

Build Orders: Hatch First 

Get SALT Encoding   

  12  0:00  Drone  
  13  0:12  Overlord  
  13  0:16  Drone  
  14  0:30  Drone x2  
  16  0:48  Hatchery  
  15  0:50  Drone  
  15  0:53  Drone  
  17  0:57  Drone  
  18  1:07  Extractor  
  17  1:12  Spawning Pool  
  17  1:16  Drone  
  17  1:20  Drone  
  18  1:29  Drone  
  19  1:40  Drone  
  20  1:49  Overlord  
  20  2:00  Drone, Queen x2  
  20  2:01  Drone  
  26  2:11  Zergling x4  
  28  2:21  Drone x2  
  30  2:32  Drone x2  
  32  2:37  Metabolic Boost  
  32  2:44  Queen  
  32  2:46  Overlord, Drone  
  34  2:56  Drone x2  
  36  3:00  Hatchery  
  36  3:04  Drone x2  
  37  3:08  Queen  
  37  3:11  Overlord  
  40  3:12  Drone  
  40  3:16  Drone  
  40  3:17  Drone  
  42  3:20  Drone  
  44  3:27  Drone  
  44  3:28  Queen  
  44  3:31  Overlord  
  46  3:35  Spore Crawler  
  46  3:36  Zergling x2  
  46  3:39  Zergling x2  
  46  3:40  Zergling x4  
  49  3:42  Zergling x2  
  48  3:52  Drone x4  
  50  3:56  Drone  
  50  4:01  Drone  
  49  4:04  Drone  
  49  4:09  Queen  
  48  4:12  Drone  
  48  4:13  Drone  
  48  4:16  Drone  
  53  4:19  Drone x2  
  53  4:22  Drone  
  53  4:23  Drone  
  57  4:25  Drone  
  57  4:27  Spore Crawler  
  57  4:31  Overlord  
  57  4:32  Drone  
  57  4:34  Drone  
  57  4:36  Drone  
  57  4:37  Drone  
  61  4:39  Drone  
  61  4:40  Drone  
  61  4:44  Drone  
  61  4:45  Spore Crawler  
  63  4:47  Drone x2  
  63  4:51  Drone x3  
  68  4:56  Overlord  
  68  4:58  Drone x3  
  68  4:59  Drone  
  72  5:00  Drone  
  72  5:05  Overlord  
  72  5:06  Overlord  
  73  5:11  Lair  
  73  5:12  Evolution Chamber  
  73  5:13  Extractor, Overlord  
  71  5:16  Zergling x4  
  71  5:18  Drone  
  74  5:26  Drone, Queen  
  74  5:27  Drone x2  
  79  5:30  Spore Crawler  
  79  5:31  Overlord  
  79  5:33  Drone x2  
  79  5:34  Drone x4  
  84  5:39  Overlord  
  84  5:47  Hatchery  
  84  5:49  Drone x3, Zerg Melee Weapons Level 1  
  85  5:51  Overlord  
  85  5:52  Drone x2  
  85  5:56  Drone x3  
  85  5:57  Drone x2  
  90  6:00  Overlord  
  90  6:03  Drone x3  
  90  6:05  Extractor  
  90  6:06  Extractor  
  90  6:08  Drone  
  89  6:12  Roach Warren  
  89  6:13  Extractor, Baneling Nest  
  89  6:14  Extractor, Queen  
  89  6:16  Spore Crawler  
  89  6:18  Spore Crawler  
  84  6:21  Drone x4  
  84  6:24  Zergling x6  
  90  6:32  Drone  
  90  6:33  Drone x2  
  90  6:34  Evolution Chamber  
  90  6:39  Overlord  
  92  6:43  Drone x4  
  91  6:47  Overlord  
  91  6:50  Drone x5  
  91  6:53  Drone x3  
  97  6:56  Drone  
  97  6:58  Drone  
  97  7:00  Drone  
  100  7:01  Drone  
  100  7:02  Glial Reconstitution  
  100  7:05  Drone  
  100  7:06  Evolution Chamber  
  100  7:07  Overlord  
  102  7:08  Drone x3  
  102  7:13  Centrifugal Hooks  
  102  7:15  Drone x4  
  106  7:17  Overlord  
  106  7:18  Drone x2  
  106  7:21  Overlord  
  108  7:25  Unknown  
  108  7:26  Zergling x6  
  108  7:34  Roach x3, Zergling x2  
  114  7:39  Roach x2, Zergling x4  
  114  7:42  Roach x2  
  124  7:45  Roach  
  124  7:48  Hatchery  
  124  7:52  Roach x4  
  124  7:55  Roach  
  124  7:56  Roach x2  
  124  7:58  Ravager x5  
  141  8:00  Overlord  
  142  8:05  Roach  
  142  8:06  Roach, Zergling x2  
  142  8:07  Overlord  
  142  8:12  Roach x2  
  145  8:14  Ravager x3  
  145  8:16  Queen  
  147  8:23  Hatchery  
  147  8:24  Roach x3, Zergling x6  
  146  8:29  Queen  
  146  8:31  Roach  
  146  8:34  Roach  
  138  8:35  Roach  
  138  8:36  Queen  
  138  8:41  Roach  
  140  8:44  Roach  
  140  8:47  Roach x2  
  133  8:49  Roach x2  
  133  8:51  Roach  
  133  8:54  Roach  
  122  8:59  Roach  
  122  9:01  Roach  
  106  9:06  Roach  

Tags
 
Add a new tag
Caveats
  • Supply blocks, unpowered buildings, or Contaminate may cause inaccurate times.
  • Supply counts are checked every 10 seconds.